 Dungeon Crawl Stone Soup version 0.28.0-53-g5a82cb258f (webtiles) character file.

Game seed: 14094246563507634711

22 PentaManta the Changer (level 2, 0/21 HPs)
             Began as a Merfolk Transmuter on June 6, 2022.
             Succumbed to an adder's poison
             ... on level 2 of the Dungeon.
             The game lasted 00:01:27 (1442 turns).

PentaManta the Changer (Merfolk Transmuter)         Turns: 1442, Time: 00:01:27

Health: 0/21       AC:  2    Str: 10    XL:     2   Next: 91%
Magic:  4/5        EV: 12    Int: 12    God:
Gold:   52         SH:  0    Dex: 14    Spells: 5/6 levels left

rFire   . . .      SeeInvis .     - Unarmed
rCold   . . .      Faith    .   (no shield)
rNeg    . . .      Spirit   .   a - +0 robe
rPois   .          Reflect  .   (helmet currently unavailable)
rElec   .          Harm     .   (no cloak)
rCorr   .          Rampage  .   (no gloves)
Will    .....                   (boots currently unavailable)
Stlth   +.........              (no amulet)
HPRegen 0.07/turn               (no ring)
MPRegen 0.09/turn               (no ring)

@: lethally poisoned (0 -> -3), appendages (expiring)
A: horns 2, (nimble swimmer 2), mertail
a: End Transformation


You were on level 2 of the Dungeon.
You had temporarily grown beastly horns.
You visited 1 branch of the dungeon, and saw 2 of its levels.

You collected 52 gold pieces.

Inventory:

Hand Weapons
 c - a +0 dagger of venom
Armour
 a - a +0 robe (worn)
Scrolls
 e - a scroll of enchant weapon
 g - a scroll of teleportation {unknown}


   Skills:
 - Level 1.1 Fighting
 - Level 2.6 Dodging
 - Level 3.2 Unarmed Combat
 + Level 2.6 Spellcasting
 + Level 3.7 Transmutations


You had 5 spell levels left.
You knew the following spells:

 Your Spells              Type           Power      Damage    Failure   Level
a - Beastly Appendage     Tmut           20%        N/A       5%          1

Your spell library contained the following spells:

 Spells                   Type           Power      Damage    Failure   Level
 Wereblood                Tmut           10%        N/A       9%          2
 Spider Form              Tmut/Pois      6%         N/A       34%         3
 Ice Form                 Ice/Tmut       6%         N/A       75%         4


Dungeon Overview and Level Annotations

Branches:
Dungeon (2/15)

Altars:


Innate Abilities, Weirdness & Mutations

You have temporarily grown beastly horns.
((You are very nimble when in or above water. (Stealth+, EV+, Speed+++)))
Your lower body shifts to a powerful aquatic tail in water.


Message History

The adder bites you.
You are poisoned.
The adder poisons you!
You closely miss the adder. Your headbutt misses the adder.
The adder is heavily wounded.
You feel sick. The adder bites you.
You are lethally poisoned!
The adder poisons you!
You are too injured to fight recklessly!
You barely miss the adder.
The adder is heavily wounded.
You feel sick. The adder bites you.
* * * LOW HITPOINT WARNING * * *
* * * LOW HITPOINT WARNING * * *
You feel sick. The adder closely misses you.
You aren't carrying any potions.
You barely miss the adder.
The adder is heavily wounded.
* * * LOW HITPOINT WARNING * * *
You feel sick. The adder misses you.
Unknown command.
Attack: -) Nothing wielded
Press: ? - help, Dir - move target, f - adder
Aim: an adder (heavily wounded, about 60% to evade your hands)
Okay, then.
As you read the scroll labelled XOITUO FAILUA, it crumbles to dust.
You feel a surge of unholy energy.
The adder convulses!
It was a scroll of torment.
* * * LOW HITPOINT WARNING * * *
You feel sick. The adder misses you.
Unknown command.
As you read the scroll labelled FEAQOHYELANWE, it crumbles to dust.
It is a scroll of identify.
e - a scroll of enchant weapon
* * * LOW HITPOINT WARNING * * *
You feel sick. The adder closely misses you. The adder barely misses you.
As you read the scroll labelled QOHIUQOOR, it crumbles to dust.
You feel aware of your surroundings.
You sensed 1 shop/portal.
It was a scroll of magic mapping.
You die...

********###
,,,,,,,,..#
********#.# ### #.#
..# #.# ..#######.#
..........###########
................@S..#
##################.##
#,,,,,,,,,,,*,,,**.#
#,**,,,,,,,,,,,,**.#
#,*********,*,****.#
#,* *,*,* *.# #,*
******,*,* *.# #,*
*,,,,,,*,* *.# #,*
*,,,,,,*,* *,*


You could see an adder.

Vanquished Creatures
  A ball python (D:2)
  2 giant cockroaches
  2 goblins
  A hobgoblin (D:1)
  2 quokkas (D:1)
  3 bats (D:1)
  3 frilled lizards (D:1)
  4 kobolds
  4 rats (D:1)
22 creatures vanquished.

Notes
Turn   | Place    | Note
-------+----------+-------------------------------------------
     0 | D:1      | PentaManta the Merfolk Transmuter began the quest for the
                  | Orb.
     0 | D:1      | Reached XP level 1. HP: 15/15 MP: 3/3
   551 | D:1      | Reached XP level 2. HP: 21/21 MP: 1/5
   598 | D:1      | Found a faded altar of an unknown god.
  1441 | D:2      | HP: 1/21 [poisoned by an adder]
  1442 | D:2      | Succumbed to an adder's poison

Illustrated notes

Levels and vault maps discovered:
D:1:      lightli_arrival_maybe_door_vault, layout_loops_ring,
          ebering_ecumenical_altar_sacrificial, chequers_serial_rivers_micro_d,
          minmay_misc_feat_nine_boxes, kennysheep_pointless_box
D:2:      layout_basic, serial_shops, nicolae_shop_trees, feat_on_display

Skill      XL: |  1 |
---------------+----+-----
Transmutations | 3 |  3.7
Fighting       | |  1.1
Dodging        | |  2.6
Unarmed Combat | |  3.2
Spellcasting   | |  2.6

Action                   || total
-------------------------++-------
Melee: Unarmed           ||    76
       Headbutt          ||     5
       Punch             ||     2
 Cast: Beastly Appendage ||    24
  Use: Scroll            ||     3
Armor: Robe              ||    16
Dodge: Dodged            ||    40
